 Dungeon Crawl Stone Soup version 0.30-a0-920-g7493c07aab (webtiles) character file.

Game seed: 11497279068214657370

243 ytrimaz the Trooper (level 6, -9/102 HPs)
             Began as an Ogre Berserker on Mar 21, 2023.
             Was a Follower of Trog.
             Shot with an arrow by a centaur (14 damage)
             ... on level 3 of the Dungeon.
             The game lasted 00:02:10 (1818 turns).

ytrimaz the Trooper (Ogre Berserker)                Turns: 1818, Time: 00:02:11

Health: -9/102     AC: -17   Str: 24    XL:     6   Next: 9%
Magic:  6/6        EV: 10    Int:  8    God:    Trog [*.....]
Gold:   96         SH:  0    Dex:  8    Spells: 5/5 levels left

rFire   . . .      SeeInvis .    j - +0 flail
rCold   . . .      Faith    .    (no shield)
rNeg    . . .      Spirit   .    b - +0 animal skin
rPois   .          Reflect  .    (helmet restricted)
rElec   .          Rampage  .    (no cloak)
rCorr   .                        (gloves unavailable)
Will    .....                    (boots unavailable) Stlth
                                 (no amulet)
HPRegen 0.37/turn                (no ring)
MPRegen 0.10/turn                (no ring)

@: berserking, corroded, very quick
A: large, unfitting armour, tough skin 1
a: Renounce Religion, Berserk


You were on level 3 of the Dungeon.
You worshipped Trog.
Trog was aware of your devotion.
You visited 1 branch of the dungeon, and saw 3 of its levels.

You collected 96 gold pieces.


Innate Abilities, Weirdness & Mutations

You are too large for most types of armour.
You have tough skin. (AC +1)


   Skills:
 + Level 6.8 Fighting
 + Level 4.6 Maces & Flails
 - Level 2.6 Dodging


You had 5 spell levels left.
You didn't know any spells.
Your spell library was empty.

Inventory:

Hand Weapons
 a - a +0 mace
 j - a +0 flail (weapon)
   (You found it on level 2 of the Dungeon)
Armour
 b - a +0 animal skin (worn)
Wands
 n - a wand of mindburst (15)
   (You found it on level 2 of the Dungeon)
Scrolls
 d - 2 scrolls of enchant armour {unknown}
 g - 2 scrolls of amnesia
 h - a scroll of blinking {unknown}
 k - a scroll of noise {unknown}
 l - a scroll of fog
 p - a scroll of teleportation
Potions
 c - a potion of brilliance {unknown}
 e - a potion of haste {unknown}
 f - 2 potions of curing {unknown}
 i - a potion of mutation {unknown}
 m - 2 potions of might {unknown}
 o - a potion of cancellation {unknown}

Dungeon Overview and Level Annotations

Branches:
Dungeon (3/15) Zot: 16143

Altars:

Shops:
D:1

[
.########...#####
## #...###### #
#........# #
#...####.# #
##.#####.# #
#....##.# #
#.##.##.# #
#.......# #
....g..@#
........J#
#.#.......#
#.#........
#.........#
#.......#
...c..### ......


You could see a centaur, a jelly and a hobgoblin.


Message History

No target in view!
Found a stone staircase leading up. 😎 HP[+1]
Your hp is fully restored (61).
Terence the Incautious comes into view.
He is wielding a +0 hand axe.
Found a stone staircase leading down.
You closely miss Terence.
Terence drinks a potion.
Terence goes berserk!
You sock Terence! Terence closely misses you.
Terence hits you with a +0 hand axe! 😕 HP[-10]
You take 10 damage, and now have 51/61 hp.
Unknown command.
You sock Terence! Terence closely misses you. Terence misses you.
You closely miss Terence. Terence misses you.
Terence hits you with a +0 hand axe! 😮 HP[-7]
You take 7 damage, and now have 44/61 hp.
Unknown command.
A red film seems to cover your vision as you go berserk!
You feel yourself moving faster!
You feel mighty! Terence closely misses you. 😮 HP[+23]
You now have 91 max hp (+30).
You regained 23 hp, and now have 67/91 hp.
You sock Terence!
You kill Terence!
Trog accepts your kill.
You have reached level 6!
You feel stronger. 😮 HP[+8] MP[+1]
You now have 102 max hp (+11).
You regained 8 hp, and now have 75/102 hp.
Your mp is fully restored (6).
Things that are here:
a +0 hand axe; a +0 scale mail; 😮 HP[+1] Unknown command.
You feel a strong urge to attack something.
p - a scroll of teleportation Unknown command.
You feel your anger nearly subside.
You are no longer berserk.
You are exhausted.
You feel yourself slow down. 😮 HP[-25]
You now have 68 max hp (-34).
You start resting.
You feel yourself speed up. 😕 HP[+13]
You regained 13 hp, and now have 64/68 hp.
You recover from your berserk rage.
A jelly comes into view.
The jelly jiggles. 😎 HP[+4]
Your hp is fully restored (68).
A jelly is nearby!
A jelly is nearby!
A jelly is nearby!
The jelly hits you.
You are splashed with acid! 😕 HP[-9]
You take 9 damage, and now have 59/68 hp.
You hit the jelly. The acid corrodes you!
Your hands burn!
A hobgoblin comes into view.
The jelly barely misses you. 😕 HP[-3]
You take 3 damage, and now have 56/68 hp.
The hobgoblin shouts!
You hit the jelly. The acid corrodes you!
Your hands burn!
The jelly hits you. The acid corrodes you!
You are splashed with acid!
You are too injured to fight recklessly! 😮 HP[-14]
You take 14 damage, and now have 42/68 hp.
MASSIVE DAMAGE!! (PAUSE)
You hit the jelly.
Your hands burn!
A centaur comes into view.
The jelly hits you. The acid corrodes you!
You are splashed with acid!
* * * LOW HITPOINT WARNING * * *
The jelly hits you.
* * * LOW HITPOINT WARNING * * *
The acid corrodes you!
You are splashed with acid!
* * * LOW HITPOINT WARNING * * *
😨 HP[-24]
You take 24 damage, and now have 18/68 hp.
MASSIVE DAMAGE!! (PAUSE)
A red film seems to cover your vision as you go berserk!
You feel yourself moving faster!
You feel mighty!
You can no longer call upon Trog for regeneration and willpower.
The centaur shouts!
The centaur wields a +0 shortbow.
The centaur shoots an arrow.
The arrow barely misses you. The jelly hits you.
* * * LOW HITPOINT WARNING * * *
You are splashed with acid!
* * * LOW HITPOINT WARNING * * *
You hit the jelly but do no damage.
Your hands burn!
* * * LOW HITPOINT WARNING * * *
The centaur shoots an arrow.
The arrow hits you!
* * * LOW HITPOINT WARNING * * *
You hit the jelly but do no damage.
Your hands burn!
* * * LOW HITPOINT WARNING * * *
The centaur shoots an arrow.
The arrow hits you!
You die...

Skill      XL: |  1  2  3 |
---------------+----------+-----
Maces & Flails | 3 4 |  4.6
Fighting       | 6 |  6.8
Dodging        | |  2.6

Action                     |  1- 3 |  4- 6 || total
---------------------------+-------+-------++-------
  Melee: Mace              |    44 |       ||    44
         Punch             |     1 |       ||     1
         Flail             |     4 |    49 ||    53
 Invoke: Berserk           |     1 |     2 ||     3
    Use: Scroll            |     4 |       ||     4
   Stab: Sleeping          |     2 |       ||     2
 Armour: Animal skin       |    18 |    13 ||    31
  Dodge: Dodged            |    26 |    31 ||    57

Levels and vault maps discovered:
D:1:      roderic_chinese_lattice_arrival, layout_basic, serial_shops,
          nicolae_square_shop, serial_rivers, chequers_serial_rivers_micro_b,
          chequers_serial_rivers_micro_d, chequers_serial_rivers_large_b,
          chequers_serial_rivers_micro_b, chequers_serial_rivers_micro_a
D:2:      layout_basic, serial_bayou, serial_bayou_ford_a, serial_bayou_pond_e,
          serial_bayou_pond_e, serial_bayou_shore_a, kennysheep_generic_room_4,
          uniq_sigmund
D:3:      layout_loops_cross, shapermc_ecumenical_altar_petra, uniq_terence,
          uniq_grinder

Notes
Turn   | Place    | Note
-------+----------+-------------------------------------------
     0 | D:1      | ytrimaz the Ogre Berserker began the quest for the Orb.
     0 | D:1      | Reached XP level 1. HP: 24/24 MP: 1/1
     0 | D:1      | magus.rc [v1.9.6]
   117 | D:1      | Found Uwuvoqur's Armour Shop.
   235 | D:1      | Reached skill level 3 in Maces & Flails
   235 | D:1      | Reached XP level 2. HP: 27/33 MP: 2/2
   862 | D:2      | Reached XP level 3. HP: 34/40 MP: 3/3
  1009 | D:2      | Noticed Sigmund
  1015 | D:2      | Killed Sigmund
  1016 | D:2      | Reached skill level 6 in Fighting
  1016 | D:2      | Reached skill level 4 in Maces & Flails
  1016 | D:2      | Reached XP level 4. HP: 53/53 MP: 4/4
  1016 | D:2      | Reached XP level 5. HP: 61/61 MP: 5/5
  1572 | D:2      | Reached ** piety under Trog
  1738 | D:3      | Noticed Terence
  1747 | D:3      | Killed Terence
  1748 | D:3      | Reached XP level 6. HP: 68/68 MP: 6/6
  1816 | D:3      | HP: 25/102 [jelly (3)]
  1817 | D:3      | HP: 7/102 [centaur/arrow (9)]
  1818 | D:3      | Shot with an arrow by a centaur

Vanquished Creatures
  Sigmund (D:2)
  Terence (D:3)
  2 adders (D:2)
  A worm (D:2)
  A dart slug (D:2)
  4 ball pythons
  5 bats
  5 endoplasms
  3 giant cockroaches
  3 goblins (D:2)
  4 hobgoblins (D:2)
  4 jackals
  3 kobolds
  A quokka (D:2)
  3 rats
41 creatures vanquished.

Vanquished Creatures (others)
  3 plants (D:2)
3 creatures vanquished.

Grand Total: 44 creatures vanquished

Table legend:
 A = Non-vault XP
 B = Vault XP
 C = Vault XP percentage of total XP
 D = Non-vault monster count
 E = Vault monster count
 F = Vault count percentage of total count
                 A         B        C        D         E       F
            +---------+---------+-------+---------+---------+-------
      Total |      94 |     254 |  73.0 |      37 |       4 |   9.8
            +---------+---------+-------+---------+---------+-------
        D:1 |      23 |       0 |   0.0 |      12 |       0 |   0.0
        D:2 |      67 |     218 |  76.5 |      22 |       3 |  12.0
        D:3 |       4 |      36 |  90.0 |       3 |       1 |  25.0
            +---------+---------+-------+---------+---------+-------

Illustrated notes

Table legend:
 A = Kills in this place as a percentage of kills in the entire game.
 B = Kills by you in this place as a percentage of kills by you in the entire game.
 C = Kills by friends in this place as a percentage of kills by friends in the entire game.
 D = Other kills in this place as a percentage of other kills in the entire game.
 E = Experience gained in this place as a percentage of experience gained in the entire game.
 F = Experience gained in this place divided by the number of levels of this place that you have seen.
                   A       B       C       D       E      F
               +-------+-------+-------+-------+-------+----------------------
         Total | 100.0 | 100.0 |   N/A |   N/A | 100.0 | 116.0
       Dungeon | 100.0 | 100.0 |   N/A |   N/A | 100.0 | 116.0
               +-------+-------+-------+-------+-------+----------------------

Table legend: (Time is in decaauts)
 A = Elapsed time spent in this place.
 B = Non-inter-level travel time spent in this place.
 C = Inter-level travel time spent in this place.
 D = Time resting spent in this place.
 E = Time spent auto-exploring this place.
 F = Levels seen in this place.
 G = Mean time per level.
                   A        B        C        D        E       F      G
               +--------+--------+--------+--------+--------+-----+--------+
         Total |   1855 |   1806 |     49 |     40 |   1454 |   3 |  618.3 |
       Dungeon |   1855 |   1806 |     49 |     40 |   1454 |   3 |  618.3 |
               +--------+--------+--------+--------+--------+-----+--------+

Top non-repeatable levels by time:
     D:2: 946 daAuts
     D:1: 783 daAuts
     D:3: 125 daAuts
